 Dungeon Crawl Stone Soup version 0.32-a0-411-g744942f433 (webtiles) character file.

Game seed: 12338293194370690310

85 eruonna the Sneak (level 4, 0/23 HPs)
             Began as a Spriggan Brigand on Feb 20, 2024.
             Incinerated by a bombardier beetle (5 damage)
             ... with a burning spray
             ... on level 3 of the Dungeon.
             The game lasted 00:08:41 (1908 turns).

eruonna the Sneak (Spriggan Brigand)                Turns: 1908, Time: 00:08:47

Health: 0/23       AC:  4    Str:  6    XL:     4   Next: 25%
Magic:  5/5        EV: 15    Int: 16    God:
Gold:   122        SH: 10    Dex: 20    Spells: 3/3 levels left

rFire   . . .        a - +2 dagger
rCold   . . .        i - +1 buckler "Fenk" {rElec Dex+3}
rNeg    . . .        b - +1 robe
rPois   .            (helmet restricted)
rElec   +            c - +0 cloak
rCorr   .            (gloves unavailable)
SInv    +            (boots unavailable)
Will    .....        (no amulet)
Stlth   ++           (no ring)
HPRegen 0.23/turn    (no ring)
MPRegen 0.09/turn

%: no passive effects
@: on fire, glowing, very quick
A: very small, no large weapons, unfitting armour, see invisible, speed 3, horns
1, large bone plates 1, clever 1, MP-powered wands
a: no special abilities


You were on level 3 of the Dungeon.
You visited 1 branch of the dungeon, and saw 3 of its levels.

You collected 122 gold pieces.

Inventory:

Hand Weapons
 a - a +2 dagger (weapon)
Missiles
 d - 9 poisoned darts (quivered)
 e - 3 curare-tipped darts
 f - 38 stones
Armour
 b - a +1 robe (worn)
 c - a +0 cloak (worn)
 i - the +1 buckler "Fenk" (worn) {rElec Dex+3}
   (You acquired it on level 2 of the Dungeon)

   Dex+3:     It affects your dexterity (+3).
   rElec:     It insulates you from electricity.
Scrolls
 g - a scroll of fog
 k - a scroll of teleportation
 l - 2 scrolls of revelation
Potions
 j - a potion of attraction {unknown}
 n - a potion of lignification {unknown}


   Skills:
 + Level 2.9 Fighting
 - Level 2.7 Short Blades
 - Level 2.0 Throwing
 - Level 1.3 Dodging
 - Level 5.8 Stealth
 + Level 1.5 Shields


You had 3 spell levels left.
You didn't know any spells.
Your spell library contained the following spells:

 Spells                   Type           Power      Damage    Failure   Level
 Gell's Gravitas          Tloc           0%         N/A       78%         3
 Teleport Other           Tloc           0%         N/A       78%         3
 Dispersal                Tloc           0%         N/A       100%        6


Dungeon Overview and Level Annotations

Branches:
Dungeon (3/15)

Altars:
Vehumet


Innate Abilities, Weirdness & Mutations

You are very small and have problems with some larger weapons.
You are too small for most types of armour.
You have supernaturally acute eyesight. (SInv)
You cover ground extremely quickly. (Speed+++)
You have a pair of small horns on your head.
You are partially covered in large bone plates. (SH +4)
Your mind is acute. (Int +4, Str/Dex -1)
You expend magic power (3 MP) to strengthen your wands.


Message History

You barely miss the bombardier beetle.
The bombardier beetle is heavily wounded.
You hit the bombardier beetle but do no damage.
The bombardier beetle is heavily wounded.
The bombardier beetle barely misses you.
You hit the bombardier beetle.
The bombardier beetle is severely wounded.
You hit the bombardier beetle.
The bombardier beetle is almost dead.
The bombardier beetle sprays incendiary fluid at you.
The burning spray hits you.
You are covered in liquid fire!
You hit the bombardier beetle but do no damage.
The bombardier beetle is almost dead.
The liquid fire burns you!
You block the bombardier beetle's attack.
You barely miss the bombardier beetle.
The bombardier beetle is almost dead.
The liquid fire burns you!
You closely miss the bombardier beetle.
The bombardier beetle is almost dead.
The liquid fire burns you!
The bombardier beetle sprays incendiary fluid at you.
The burning spray hits you.
You are even more covered in liquid fire!
You hit the bombardier beetle.
The bombardier beetle is almost dead.
The liquid fire burns you!
You completely miss the bombardier beetle.
The bombardier beetle is almost dead.
The liquid fire burns you!
* * * LOW HITPOINT WARNING * * *
The bombardier beetle misses you.
It was a potion of mutation.
You feel extremely strange.
Large bone plates grow over parts of your arms.
A pair of horns grows on your head!
You feel your magical essence link to the dungeon's wands.
You feel clever. The liquid fire burns you!
You die...

### #####. ....
..).. #... #.#..
#..# #..$.##
###<.# ##.....##
.)...# #.......
####<# #.....#
####.####
#...B@##
#.......#
#...##.#######.
#.#####.# #.#
##........ ..#
#.#
##.###.########
..# #.# #.#.##
#.# #.# #.##
#.#####.# #.#
#.......# #.#
######.########.#


You could see a bombardier beetle.

Vanquished Creatures
  A bombardier beetle (D:3)
  A dart slug (D:1)
  2 ribbon worms (D:2)
  An orc (D:3)
  2 bats (D:2)
  An endoplasm (D:2)
  A giant cockroach (D:2)
  3 hobgoblins
  5 kobolds
  3 ball pythons
  A frilled lizard (D:2)
  2 goblins
  4 rats
27 creatures vanquished.

Notes
Turn   | Place    | Note
-------+----------+-------------------------------------------
     0 | D:1      | eruonna the Spriggan Brigand began the quest for the Orb.
     0 | D:1      | Reached XP level 1. HP: 10/10 MP: 2/2
   265 | D:1      | Reached XP level 2. HP: 11/15 MP: 3/3
   793 | D:2      | Identified a scroll of acquirement
   793 | D:2      | Acquired the +1 buckler "Fenk" {rElec Dex+3}
  1015 | D:2      | Found a radiant altar of Vehumet.
  1269 | D:2      | Reached XP level 3. HP: 15/19 MP: 4/4
  1603 | D:2      | Reached skill level 1 in Shields
  1842 | D:3      | Reached XP level 4. HP: 23/23 MP: 5/5
  1908 | D:3      | Gained mutation: You are partially covered in large bone
                  | plates. (SH +4) [potion of mutation]
  1908 | D:3      | Gained mutation: You have a pair of small horns on your
                  | head. [potion of mutation]
  1908 | D:3      | Gained mutation: You expend magic power (3 MP) to
                  | strengthen your wands. [potion of mutation]
  1908 | D:3      | Gained mutation: Your mind is acute. (Int +4, Str/Dex -1)
                  | [potion of mutation]
  1908 | D:3      | Incinerated by a bombardier beetle

Illustrated notes

Levels and vault maps discovered:
D:1:      shiori_shiawase, layout_basic
D:2:      layout_basic, basic_altar, kennysheep_cross_bottleneck
D:3:      layout_loops_ring, nicolae_overflow_macrodata_refinement,
          gammafunk_ghost_icy

Skill      XL: |  1  2  3 |
---------------+----------+-----
Fighting       | 2 |  2.9
Shields        | 1 |  1.5
Short Blades   | |  2.7
Throwing       | |  2.0
Dodging        | |  1.3
Stealth        | |  5.8

Action                     |  1- 3 |  4- 6 || total
---------------------------+-------+-------++-------
  Melee: Dagger            |    58 |    19 ||    77
  Throw: Dart              |    11 |       ||    11
    Use: Scroll            |     5 |       ||     5
         Potion            |       |     1 ||     1
   Stab: Sleeping          |     8 |     1 ||     9
 Armour: Robe              |    12 |     2 ||    14
  Dodge: Dodged            |    18 |     6 ||    24
  Block: Buckler           |     4 |     2 ||     6

Table legend: (Time is in decaauts)
 A = Elapsed time spent in this place.
 B = Non-inter-level travel time spent in this place.
 C = Inter-level travel time spent in this place.
 D = Time resting spent in this place.
 E = Time spent auto-exploring this place.
 F = Levels seen in this place.
 G = Mean time per level.
                   A        B        C        D        E       F      G
               +--------+--------+--------+--------+--------+-----+--------+
         Total |   1239 |   1131 |    108 |     53 |    777 |   3 |  413.0 |
       Dungeon |   1239 |   1131 |    108 |     53 |    777 |   3 |  413.0 |
               +--------+--------+--------+--------+--------+-----+--------+

Top non-repeatable levels by time:
     D:2: 655 daAuts
     D:1: 498 daAuts
     D:3: 86 daAuts
